HBL
BROOKLYN CYCLONES @ HARTFORD WHALERS
05/24/1997
 
TOP OF THE 1ST
Brooklyn Cyclones batting - Pitching for Hartford Whalers : RHP Frank Seminara
Pitching: RHP Frank Seminara
Batting: RHB Onix Concepcion 0-0: Called Strike
0-1: Called Strike
0-2: SINGLE (Line Drive, 3D, EV 96.9 MPH)
Batting: LHB Ray Giannelli 0-0: Ball
1-0: Ball
2-0: Ball
3-0: Called Strike
3-1: Foul Ball, location: 2F
3-2: Base on Balls
Onix Concepcion to second
Batting: RHB Jed Hansen 0-0: Called Strike
0-1: Swinging Strike
0-2: Ball
1-2: Ball
2-2: Fielders Choice at 2nd, 6-4 (Groundball, 6, EV 81.9 MPH)
Onix Concepcion to third
Batting: SHB Turner Ward 0-0: Called Strike
0-1: Ball
1-1: Ball
2-1: Ball
3-1: Foul Ball, location: 2F
3-2: Fly out, F9 (Line Drive, 9, EV 96.3 MPH)
Runner from 3rd tags up, SCORES, throw by RF
Batting: LHB Greg Blosser 0-0: Ball
1-0: Called Strike
1-1: Fielders Choice at 2nd, 6-4 (Groundball, 6, EV 81.9 MPH)
Top of the 1st over - 1 run, 1 hit, 0 errors, 1 left on base; Brooklyn 1 - Hartford 0
BOTTOM OF THE 1ST
Hartford Whalers batting - Pitching for Brooklyn Cyclones : RHP Frankie Rodriguez
Pitching: RHP Frankie Rodriguez
Batting: SHB Jason McDonald 0-0: Swinging Strike
0-1: Ball
1-1: Fly out, F9 (Flyball, 9, EV 90.6 MPH)
Batting: RHB Alex Ochoa 0-0: Swinging Strike
0-1: Ground out 6-3 (Groundball, 6, EV 80.6 MPH)
Batting: LHB Todd Walker 0-0: Called Strike
0-1: Fly out, F9 (Flyball, 89S, EV 84.4 MPH)
Bottom of the 1st over - 0 runs, 0 hits, 0 errors, 0 left on base; Brooklyn 1 - Hartford 0
TOP OF THE 2ND
Brooklyn Cyclones batting - Pitching for Hartford Whalers : RHP Frank Seminara
Batting: RHB Brent Cookson 0-0: Called Strike
0-1: Ball
1-1: SINGLE (Groundball, 56D, EV 106.3 MPH)
Batting: RHB Pedro Castellano 0-0: Ball
1-0: SINGLE (Groundball, 5D, EV 99.4 MPH)
Brent Cookson to second
Batting: RHB Mike R. Fitzgerald 0-0: Ball
1-0: Ball
2-0: Foul Ball, location: 2F
2-1: Foul Ball, location: 2F
2-2: Strikes out swinging
Batting: LHB Joe Siddall 0-0: Foul Ball, location: 2F
0-1: Ball
1-1: Foul Ball, location: 2F
1-2: Foul Ball, location: 2F
1-2: Foul Ball, location: 2F
1-2: Foul Ball, location: 2F
1-2: Fly out, F7 (Flyball, 7LS, EV 75.0 MPH)
Batting: RHB Onix Concepcion 0-0: Swinging Strike
0-1: Called Strike
0-2: Strikes out swinging
Top of the 2nd over - 0 runs, 2 hits, 0 errors, 2 left on base; Brooklyn 1 - Hartford 0
BOTTOM OF THE 2ND
Hartford Whalers batting - Pitching for Brooklyn Cyclones : RHP Frankie Rodriguez
Batting: RHB Kurt Abbott 0-0: Ball
1-0: Hit by Pitch
Batting: LHB Dave Hansen 0-0: Ball
1-0: Ball
2-0: Fielders Choice at 2nd, 3-6 (Groundball, 3, EV 81.3 MPH)
Batting: LHB Rod Myers 0-0: SINGLE (Line Drive, 7LS, EV 102.5 MPH)
Dave Hansen to second
Batting: LHB Todd Dunwoody 0-0: Foul Ball, location: 2F
0-1: SINGLE (Line Drive, 78S, EV 97.5 MPH)
Dave Hansen to third
Rod Myers to second
Batting: RHB Kevin Jordan 0-0: Ball
1-0: Fly out, F9 (Line Drive, 9, EV 89.4 MPH)
Runner from 3rd tags up, SCORES, throw by RF
Batting: RHB Mike Matheny 0-0: SINGLE (Line Drive, 78S, EV 95.0 MPH)
Rod Myers to third
Todd Dunwoody to second
Runner from 3rd tries for Home, SAFE, throw by LF to home
Batting: SHB Jason McDonald 0-0: Foul Ball, location: 2F
0-1: Swinging Strike
0-2: Ball
1-2: Foul Ball, location: 2F
1-2: Ball
2-2: Foul Ball, location: 2F
2-2: Ball
3-2: Foul Ball, location: 2F
3-2: Fly out, F6 (Popup, 6M, EV 60.6 MPH)
Bottom of the 2nd over - 2 runs, 3 hits, 0 errors, 2 left on base; Brooklyn 1 - Hartford 2
TOP OF THE 3RD
Brooklyn Cyclones batting - Pitching for Hartford Whalers : RHP Frank Seminara
Batting: LHB Ray Giannelli 0-0: Ground out 4-3 (Groundball, 4, EV 86.9 MPH)
Batting: RHB Jed Hansen 0-0: Called Strike
0-1: Foul Ball, location: 2F
0-2: Ball
1-2: Strikes out looking
Batting: SHB Turner Ward 0-0: Ball
1-0: Fly out, F9 (Flyball, 89S, EV 81.9 MPH)
Top of the 3rd over - 0 runs, 0 hits, 0 errors, 0 left on base; Brooklyn 1 - Hartford 2
BOTTOM OF THE 3RD
Hartford Whalers batting - Pitching for Brooklyn Cyclones : RHP Frankie Rodriguez
Batting: RHB Alex Ochoa 0-0: Fly out, F8 (Line Drive, 8RM, EV 98.8 MPH)
Batting: LHB Todd Walker 0-0: Fly out, F2 (Popup, 23F, EV 91.9 MPH)
Batting: RHB Kurt Abbott 0-0: Ball
1-0: SINGLE (Line Drive, 8RM, EV 106.9 MPH)
Batting: LHB Dave Hansen 0-0: Swinging Strike
0-1: Swinging Strike
0-2: Strikes out swinging
Bottom of the 3rd over - 0 runs, 1 hit, 0 errors, 1 left on base; Brooklyn 1 - Hartford 2
TOP OF THE 4TH
Brooklyn Cyclones batting - Pitching for Hartford Whalers : RHP Frank Seminara
Batting: LHB Greg Blosser 0-0: Ball
1-0: Called Strike
1-1: Foul Ball, location: 2F
1-2: Ball
2-2: DOUBLE (Line Drive, 78D, EV 107.5 MPH)
Batting: RHB Brent Cookson 0-0: Ball
1-0: Foul Ball, location: 2F
1-1: Ground out 6-3 (Groundball, 6, EV 81.9 MPH)
Batting: RHB Pedro Castellano 0-0: Ball
1-0: SINGLE (Groundball, 56D, EV 98.1 MPH)
Greg Blosser to third
Runner from 3rd tries for Home, SAFE, no throw by LF
Batting: RHB Mike R. Fitzgerald 0-0: SINGLE (Flyball, 78M, EV 91.9 MPH)
Pedro Castellano to second
Batting: LHB Joe Siddall 0-0: Ball
1-0: Fly out, F8 (Flyball, 8RD, EV 95.0 MPH)
Batting: RHB Onix Concepcion 0-0: Fly out, F8 (Flyball, 8LD, EV 96.9 MPH)
Top of the 4th over - 1 run, 3 hits, 0 errors, 2 left on base; Brooklyn 2 - Hartford 2
BOTTOM OF THE 4TH
Hartford Whalers batting - Pitching for Brooklyn Cyclones : RHP Frankie Rodriguez
Batting: LHB Rod Myers 0-0: Ball
1-0: Called Strike
1-1: Foul Ball, location: 2F
1-2: SINGLE (Line Drive, 4D, EV 95.0 MPH)
Batting: LHB Todd Dunwoody 0-0: Foul Ball, location: 2F
0-1: Swinging Strike
0-2: Foul Ball, location: 2F
0-2: Strikes out swinging
Batting: RHB Kevin Jordan 0-0: Ball
1-0: Ball
2-0: Foul Ball, location: 2F
2-1: Fly out, F9 (Flyball, 89XD, EV 103.8 MPH)
Batting: RHB Mike Matheny 0-0: Ball
1-0: Ball
2-0: Called Strike
2-1: Fielders Choice at 2nd, 5-4 (Groundball, 56, EV 79.4 MPH)
Bottom of the 4th over - 0 runs, 1 hit, 0 errors, 1 left on base; Brooklyn 2 - Hartford 2
TOP OF THE 5TH
Brooklyn Cyclones batting - Pitching for Hartford Whalers : RHP Frank Seminara
Batting: LHB Ray Giannelli 0-0: Called Strike
0-1: Ball
1-1: Called Strike
1-2: Strikes out swinging
Batting: RHB Jed Hansen 0-0: Called Strike
0-1: Ball
1-1: Foul Ball, location: 2F
1-2: Strikes out looking
Batting: SHB Turner Ward 0-0: Ball
1-0: Swinging Strike
1-1: Called Strike
1-2: Strikes out looking
Top of the 5th over - 0 runs, 0 hits, 0 errors, 0 left on base; Brooklyn 2 - Hartford 2
BOTTOM OF THE 5TH
Hartford Whalers batting - Pitching for Brooklyn Cyclones : RHP Frankie Rodriguez
Batting: SHB Jason McDonald 0-0: Called Strike
0-1: Ball
1-1: Foul Ball, location: 2F
1-2: Foul Ball, location: 2F
1-2: Ball
2-2: SINGLE (Groundball, 4MD, EV 100.6 MPH)
Batting: RHB Alex Ochoa 0-0: Ball
1-0: Foul Ball, location: 2F
1-1: Ball
2-1: DOUBLE (Flyball, 89XD, EV 104.4 MPH)
Jason McDonald to third
Batting: LHB Todd Walker 0-0: Ball
1-0: Called Strike
1-1: SINGLE (Groundball, 34D, EV 111.3 MPH)
Jason McDonald scores
Alex Ochoa to third
Batting: RHB Kurt Abbott 0-0: Foul Ball, location: 2F
0-1: Foul Ball, location: 2F
0-2: Ball
1-2: Strikes out swinging
Batting: LHB Dave Hansen 0-0: Called Strike
0-1: Called Strike
0-2: SINGLE (Groundball, 6M, EV 88.8 MPH) (infield hit)
Alex Ochoa scores
Todd Walker to second
Batting: LHB Rod Myers 0-0: Called Strike
0-1: Fielders Choice at 2nd, 4-6 (Groundball, 4S, EV 80.6 MPH)
Todd Walker to third
Batting: LHB Todd Dunwoody 0-0: Ball
1-0: Foul Ball, location: 2F
1-1: SINGLE (Line Drive, 5D, EV 105.6 MPH)
Todd Walker scores
Rod Myers to second
Batting: RHB Kevin Jordan 0-0: Called Strike
0-1: Called Strike
0-2: Foul Ball, location: 2F
0-2: Ball
1-2: Ball
2-2: Foul Ball, location: 2F
2-2: Ball
3-2: Ground out 1-3 (Groundball, 34S, EV 88.8 MPH)
Bottom of the 5th over - 3 runs, 5 hits, 0 errors, 2 left on base; Brooklyn 2 - Hartford 5
TOP OF THE 6TH
Brooklyn Cyclones batting - Pitching for Hartford Whalers : RHP Frank Seminara
Batting: LHB Greg Blosser 0-0: Foul Ball, location: 2F
0-1: Ball
1-1: Ball
2-1: Fly out, F8 (Line Drive, 8LM, EV 95.0 MPH)
Batting: RHB Brent Cookson 0-0: Called Strike
0-1: Fly out, F8 (Flyball, 8LM, EV 96.9 MPH)
Batting: RHB Pedro Castellano 0-0: Ball
1-0: Called Strike
1-1: Ground out 1-3 (Groundball, 13S, EV 67.5 MPH)
Top of the 6th over - 0 runs, 0 hits, 0 errors, 0 left on base; Brooklyn 2 - Hartford 5
BOTTOM OF THE 6TH
Hartford Whalers batting - Pitching for Brooklyn Cyclones : RHP Frankie Rodriguez
Batting: RHB Mike Matheny 0-0: Called Strike
0-1: Ball
1-1: Ball
2-1: DOUBLE (Line Drive, 7LD, EV 111.3 MPH)
Batting: SHB Jason McDonald 0-0: Ground out 4-3 (Groundball, 4, EV 91.3 MPH)
Mike Matheny to third
Batting: RHB Alex Ochoa 0-0: Called Strike
0-1: Ball
1-1: Foul Ball, location: 2F
1-2: Ball
2-2: 2-RUN HOME RUN (Flyball, 78XD, EV 93.1 MPH), Distance : 388 ft
Batting: LHB Todd Walker 0-0: Ball
1-0: SINGLE (Flyball, 7S, EV 95.6 MPH)
Batting: RHB Kurt Abbott 0-0: Called Strike
0-1: Ball
1-1: Foul Ball, location: 2F
1-2: Foul Ball, location: 2F
1-2: Foul Ball, location: 2F
1-2: Ball
2-2: Strikes out swinging
Batting: LHB Dave Hansen 0-0: Ball
1-0: Fly out, F9 (Flyball, 9S, EV 88.1 MPH)
Bottom of the 6th over - 2 runs, 3 hits, 0 errors, 1 left on base; Brooklyn 2 - Hartford 7
TOP OF THE 7TH
Brooklyn Cyclones batting - Pitching for Hartford Whalers : RHP Frank Seminara
Batting: RHB Mike R. Fitzgerald 0-0: Foul Ball, location: 2F
0-1: Ground out U3 (Groundball, 34S, EV 80.0 MPH)
Batting: LHB Joe Siddall 0-0: Called Strike
0-1: Ball
1-1: Fly out, F6 (Popup, 6, EV 65.6 MPH)
Batting: RHB Onix Concepcion 0-0: Called Strike
0-1: Swinging Strike
0-2: Ball
1-2: Strikes out swinging
Top of the 7th over - 0 runs, 0 hits, 0 errors, 0 left on base; Brooklyn 2 - Hartford 7
BOTTOM OF THE 7TH
Hartford Whalers batting - Pitching for Brooklyn Cyclones : RHP Frankie Rodriguez
Batting: LHB Rod Myers 0-0: Ball
1-0: Ball
2-0: Ball
3-0: Base on Balls
Batting: LHB Todd Dunwoody 0-0: SINGLE (Line Drive, 8LS, EV 88.1 MPH)
Rod Myers to second
Runner from 2nd tries for 3rd, SAFE, throw by CF made to third
Batting: RHB Kevin Jordan 0-0: Ball
1-0: Called Strike
Todd Dunwoody is caught stealing 2nd base 2-4
1-1: Ball
2-1: Ground out 2-3 (Groundball, 2L, EV 69.4 MPH)
Batting: RHB Mike Matheny 0-0: Ground out 6-3 (Groundball, 6, EV 97.5 MPH)
Bottom of the 7th over - 0 runs, 1 hit, 0 errors, 1 left on base; Brooklyn 2 - Hartford 7
TOP OF THE 8TH
Brooklyn Cyclones batting - Pitching for Hartford Whalers : RHP Frank Seminara
Batting: LHB Ray Giannelli 0-0: Ground out U3 (Groundball, 3S, EV 93.8 MPH)
Batting: RHB Jed Hansen 0-0: Called Strike
0-1: Ball
1-1: Called Strike
1-2: Strikes out swinging
Batting: SHB Turner Ward 0-0: Ball
1-0: Fly out, F8 (Flyball, 8LD, EV 96.9 MPH)
Top of the 8th over - 0 runs, 0 hits, 0 errors, 0 left on base; Brooklyn 2 - Hartford 7
BOTTOM OF THE 8TH
Hartford Whalers batting - Pitching for Brooklyn Cyclones : RHP Frankie Rodriguez
Batting: SHB Jason McDonald 0-0: Fly out, F8 (Line Drive, 8RD, EV 95.6 MPH)
Batting: RHB Alex Ochoa 0-0: Ball
1-0: Reached on error, E7 (Flyball, 78S, EV 85.0 MPH)
Batting: LHB Todd Walker 0-0: Ball
1-0: Ball
2-0: DOUBLE (Flyball, 89D, EV 91.9 MPH)
Alex Ochoa to third
Batting: RHB Kurt Abbott 0-0: Called Strike
0-1: Ground out 3-1 (Groundball, 34S, EV 86.3 MPH)
Alex Ochoa scores
Todd Walker to third
Pitching: RHP Curt Lyons
Batting: LHB Dave Hansen 0-0: Foul Ball, location: 2F
0-1: Foul Ball, location: 2F
0-2: Foul Ball, location: 2F
0-2: DOUBLE (Groundball, 3L, EV 98.1 MPH)
Todd Walker scores
Batting: LHB Rod Myers 0-0: Called Strike
0-1: Ball
1-1: Ball
2-1: Swinging Strike
2-2: Ball
3-2: Base on Balls
Batting: LHB Todd Dunwoody 0-0: Ball
1-0: Ball
2-0: Called Strike
2-1: Ball
3-1: Base on Balls
Dave Hansen to third
Rod Myers to second
Pinch Hitting: RHB Eddy Diaz 0-0: SINGLE (Groundball, 4MD, EV 105.6 MPH)
Dave Hansen scores
Rod Myers to third
Todd Dunwoody to second
Runner from 3rd tries for Home, SAFE, no throw by CF
Batting: RHB Mike Matheny 0-0: Ball
1-0: SINGLE (Groundball, 56, EV 89.4 MPH) (infield hit)
Todd Dunwoody to third
Eddy Diaz to second
Batting: SHB Jason McDonald 0-0: DOUBLE (Line Drive, 78D, EV 104.4 MPH)
Todd Dunwoody scores
Eddy Diaz scores
Mike Matheny to third
Pitching: RHP Mike Glendenning
Batting: RHB Alex Ochoa 0-0: Called Strike
0-1: SINGLE (Line Drive, 78M, EV 87.5 MPH)
Mike Matheny scores
Jason McDonald to third
Runner from 3rd tries for Home, SAFE, throw by CF to home
Batting: LHB Todd Walker 0-0: Foul Ball, location: 2F
0-1: Fly out, F8 (Flyball, 8LS, EV 95.0 MPH)
Bottom of the 8th over - 8 runs, 6 hits, 1 error, 1 left on base; Brooklyn 2 - Hartford 15
TOP OF THE 9TH
Brooklyn Cyclones batting - Pitching for Hartford Whalers : RHP Frank Seminara
Now at 2B: Eddy Diaz
Batting: LHB Greg Blosser 0-0: Ball
1-0: Foul Ball, location: 2F
1-1: Foul Ball, location: 2F
1-2: Ball
2-2: Foul Ball, location: 2F
2-2: Ball
3-2: Foul Ball, location: 2F
3-2: Base on Balls
Batting: RHB Brent Cookson 0-0: Called Strike
0-1: Fly out, F8 (Flyball, 78M, EV 89.4 MPH)
Batting: RHB Pedro Castellano 0-0: Foul Ball, location: 2F
0-1: Called Strike
0-2: Strikes out swinging
Batting: RHB Mike R. Fitzgerald 0-0: Ball
1-0: Foul Ball, location: 2F
1-1: Fly out, F9 (Flyball, 9LSF, EV 91.3 MPH)
Top of the 9th over - 0 runs, 0 hits, 0 errors, 1 left on base; Brooklyn 2 - Hartford 15
Friday, February 13th, 2026 - OOTP Baseball 20.8 Build 74